 Dungeon Crawl Stone Soup version 0.25-a0-860-gf695395b5c (webtiles) character file.

Game seed: 9575210216878522804, levelgen mode: deterministic

149 Flugkiller the Skirmisher (level 5, 0/81 HPs)
             Began as an Ogre Skald on Apr 28, 2020.
             Succumbed to an orc wizard's poison
             ... on level 3 of the Dungeon.
             The game lasted 00:06:16 (2825 turns).

Flugkiller the Skirmisher (Ogre Skald)              Turns: 2825, Time: 00:06:16

Health: 0/81       AC:  3    Str: 15    XL:     5   Next: 31%
Magic:  4/9        EV: 10    Int: 14    God:
Gold:   113        SH:  0    Dex:  9    Spells: 4/10 levels left

rFire    . . .     SeeInvis .   p - +1 whip (holy)
rCold    . . .     Gourm    .   (no shield)
rNeg     . . .     Faith    .   b - +0 robe
rPois    .         Spirit   .   (helmet restricted)
rElec    .         Reflect  .   (no cloak)
rCorr    .         Harm     .   (gloves unavailable)
MR       .....                  (boots unavailable)
Stlth    ..........             (no amulet)
HPRegen  0.23/turn              (no ring)
MPRegen  0.11/turn              (no ring)

@: berserking, lethally poisoned (0 -> -6), infused, very slightly contaminated,
very quick
A: large, unfitting armour, tough skin 1
a: no special abilities


You were on level 3 of the Dungeon.
You were not hungry.

You visited 1 branch of the dungeon, and saw 3 of its levels.

You collected 113 gold pieces.

Inventory:

Hand Weapons
 p - a +1 whip of holy wrath (weapon)
   (You took it off an orc on level 3 of the Dungeon)
Armour
 b - a +0 robe (worn)
Jewellery
 e - an uncursed ring of resist corrosion {unknown}
   (You found it on level 1 of the Dungeon)
 f - a +1 ring of protection {unknown}
   (You found it on level 1 of the Dungeon)
 l - an uncursed ring of protection from cold {unknown}
   (You found it on level 2 of the Dungeon)
Scrolls
 g - a scroll of teleportation {unknown}
 h - 2 scrolls of immolation {unknown}
 j - a scroll of remove curse {unknown}
 k - a scroll of fog {unknown}
 n - a scroll of fear {unknown}
Potions
 c - a potion of might
 i - a potion of stabbing
 m - a potion of berserk rage
Comestibles
 a - 3 chunks of flesh
 d - 5 rations


   Skills:
 - Level 4.1 Fighting
 - Level 2.7 Maces & Flails
 - Level 2.1 Dodging
 - Level 3.0 Spellcasting
 + Level 1.4 Hexes
 * Level 3.6 Charms


You had 4 spell levels left.
You knew the following spells:

 Your Spells              Type           Power        Failure   Level  Hunger
a - Infusion              Chrm           ##..         4%          1    #......
b - Shroud of Golubria    Chrm/Tloc      #.....       16%         2    ##.....
c - Spectral Weapon       Hex/Chrm       #.......     22%         3    ###....

Your spell library contained the following spells:

 Spells                   Type           Power        Failure   Level  Hunger
 Song of Slaying          Chrm           ##......     8%          2    ##.....
 Ozocubu's Armour         Chrm/Ice       #.......     30%         3    ###....


Dungeon Overview and Level Annotations

Branches:
Dungeon (3/15)

Altars:
Xom

Annotations:
D:1 exclusion: gnoll


Innate Abilities, Weirdness & Mutations

You are too large for most types of armour.
You have tough skin. (AC +1)


Message History

You begin infusing your attacks with magical energy.
You feel sick.
The orc wizard points at you and mumbles some strange words.
The puff of flame hits you!
* * * LOW HITPOINT WARNING * * *
You hit the orc wizard but do no damage.
The orc wizard is heavily wounded.
You feel sick.
The orc wizard hits you with a +1 dagger of venom.
* * * LOW HITPOINT WARNING * * *
You barely miss the orc wizard.
The orc wizard is heavily wounded.
The orc wizard casts a spell at you. The magic dart hits you.
* * * LOW HITPOINT WARNING * * *
The orc wizard points at you and mumbles some strange words.
The puff of frost hits you.
* * * LOW HITPOINT WARNING * * *
A red film seems to cover your vision as you go berserk!
You feel yourself moving faster!
You feel mighty!
You feel sick.
The orc wizard hits you but does no damage.
You are more poisoned.
Unknown command.
You closely miss the orc wizard.
The orc wizard is heavily wounded.
You feel sick.
The orc wizard hits you but does no damage.
Unknown command.
You whack the orc wizard!
You kill the orc wizard!
You feel sick. The orc closely misses you.
Unknown command.
You closely miss the orc.
You feel sick. The orc barely misses you.
You closely miss the orc. The orc hits you with a +0 hand axe.
* * * LOW HITPOINT WARNING * * *
Unknown command.
You closely miss the orc.
* * * LOW HITPOINT WARNING * * *
You feel sick. The orc closely misses you.
The orc hits you with a cursed +0 mace.
* * * LOW HITPOINT WARNING * * *
You hit the orc!
You kill the orc!
* * * LOW HITPOINT WARNING * * *
You feel sick.
You closely miss the orc. The orc misses you.
Unknown command.
You whack the orc!
You kill the orc!
You die...

#....#.⌠.#≈≈#.⌠.#..#
##...#...#≈≈#...#..#
#....
#.###....###≈≈≈≈###...#
#....
#..........≈≈≈≈≈≈.....#
#.....
#####.#....≈≈≈≈≈≈.....#
#....
#.....###≈≈≈≈###...#
##...###
#....#...#≈≈#...#..#
#......#
#....#.⌠.#≈≈#.⌠.#..#
#......#
###@.#...#≈≈#...#..#
#.######)).###≈..≈###...#
#.oo.o..................#
#.########.#####...###..#
...# #.#####[.## #...
.....# ##.##......###.##
##.####
####.....##........> #.
#.......###...###.## .
#..#........### #.##


There were no monsters in sight!

Vanquished Creatures
  2 orc wizards (D:3)
  Terence (D:2)
  2 adders
  A leopard gecko (D:1)
  9 orcs
  A ball python (D:1)
  6 bats
  A giant cockroach (D:2)
  5 goblins (D:1)
  5 hobgoblins
  2 kobolds (D:1)
  A quokka (D:3)
  A frilled lizard (D:3)
  3 rats
40 creatures vanquished.

Notes
Turn   | Place    | Note
-------+----------+-------------------------------------------
     0 | D:1      | Flugkiller the Ogre Skald began the quest for the Orb.
     0 | D:1      | Reached XP level 1. HP: 22/22 MP: 3/3
    52 | D:1      | Reached skill level 3 in Fighting
   144 | D:1      | Reached XP level 2. HP: 31/31 MP: 5/5
   904 | D:2      | Noticed Terence
   918 | D:2      | Killed Terence
   918 | D:2      | Reached skill level 4 in Fighting
   918 | D:2      | Reached XP level 3. HP: 15/39 MP: 2/6
  1110 | D:2      | Found a shimmering altar of Xom.
  1112 | D:2      | Found a shimmering altar of Xom.
  1112 | D:2      | Found a shimmering altar of Xom.
  1121 | D:2      | Learned a level 2 spell: Shroud of Golubria
  1125 | D:2      | Learned a level 3 spell: Spectral Weapon
  1639 | D:2      | Found a shimmering altar of Xom.
  1904 | D:1      | Reached XP level 4. HP: 45/48 MP: 7/7
  2688 | D:3      | Reached skill level 1 in Hexes
  2688 | D:3      | Reached XP level 5. HP: 47/54 MP: 5/9
  2822 | D:3      | HP: 2/81 [orc/cursed +0 mace (4)]
  2825 | D:3      | Succumbed to an orc wizard's poison

Levels and vault maps discovered:
D:1:      erik_arrival_triangle_medium, layout_basic, hangedman_decor_opposing,
          minmay_tripent
D:2:      layout_loops_ring, xom_redecorated, uniq_terence
D:3:      layout_loops_cross, first_ration, fountainhead, minmay_misc_feat_five,
          st_stairs_1

Skill      XL: |  1  2  3  4 |
---------------+-------------+-----
Fighting       | 3 4 |  4.1
Maces & Flails | 2 |  2.7
Charms         | 3 |  3.6
Spellcasting   | 3 |  3.0
Hexes          | 1 |  1.4
Dodging        | |  2.1

Action                   |  1- 3 |  4- 6 || total
-------------------------+-------+-------++-------
Melee: Mace              |    71 |    17 ||    88
       Whip              |       |    36 ||    36
 Cast: Infusion          |     4 |     7 ||    11
       Spectral Weapon   |     1 |     1 ||     2
       Shroud of Golubri |       |     1 ||     1
  Use: Scroll            |       |     3 ||     3
       Potion            |       |     1 ||     1
  Eat: Chunk             |     2 |     5 ||     7
Armor: Robe              |    20 |    12 ||    32
Dodge: Dodged            |    51 |    25 ||    76

Table legend:
 A = Non-vault XP
 B = Vault XP
 C = Vault XP percentage of total XP
 D = Non-vault monster count
 E = Vault monster count
 F = Vault count percentage of total count
                 A         B        C        D         E       F
            +---------+---------+-------+---------+---------+-------
      Total |     174 |      39 |  18.3 |      37 |       3 |   7.5
            +---------+---------+-------+---------+---------+-------
        D:1 |      30 |       3 |   9.1 |      17 |       2 |  10.5
        D:2 |      24 |      36 |  60.0 |       6 |       1 |  14.3
        D:3 |     120 |       0 |   0.0 |      14 |       0 |   0.0
            +---------+---------+-------+---------+---------+-------
